 Dungeon Crawl Stone Soup version 0.17.1-3-g152610e (webtiles) character file.

119 MenacingMecha the Sneak (level 5, 0/34 HPs)
             Began as a Halfling Assassin on Feb 21, 2016.
             Slain by an orc (3 damage)
             ... on level 3 of the Dungeon.
             The game lasted 00:05:04 (2331 turns).

MenacingMecha the Sneak (Halfling Assassin)         Turns: 2331, Time: 00:05:04

Health: 0/34       AC:  3    Str: 11    XL:     5   Next: 23%
Magic:  5/5        EV: 14    Int: 10    God:
Gold:   237        SH:  0    Dex: 17    Spells: 0 memorised, 4 levels left

rFire  . . .     SeeInvis .     a - +2 dagger
rCold  . . .     Clarity  .     c - +0 robe
rNeg   . . .     SustAt   .     (shield restricted)
rPois  .         Gourm    .     v - +0 hat
rElec  .         Spirit   .     d - +0 cloak
rCorr  .         Warding  .     (no gloves)
rMut   .         Stasis   .     (no boots)
MR     .....                    (no amulet)
Stlth  ++++......               (no ring)
                                (no ring)

@: not resistant to hostile enchantments, stealthy
A: mutation resistance 1
a: no special abilities


You were on level 3 of the Dungeon.
You were not hungry.

You visited 1 branch of the dungeon, and saw 3 of its levels.

You collected 237 gold pieces.

Inventory:

Hand Weapons
 a - a +2 dagger (weapon)
 b - a +0 blowgun
Missiles
 e - 20 poisoned needles
 f - 2 curare-tipped needles
Armour
 c - a +0 robe (worn)
 d - a +0 cloak (worn)
 v - a +0 hat (worn)
Jewellery
 p - an uncursed ring of protection from fire {unknown}
Scrolls
 k - a scroll of amnesia {unknown}
 n - 4 scrolls of identify {unknown}
 o - a scroll of enchant armour {unknown}
 r - a scroll of recharging {unknown}
 s - a scroll of noise {unknown}
 t - 3 scrolls of teleportation {unknown}
 u - a scroll of remove curse {unknown}
 y - a scroll of magic mapping {unknown}
Potions
 i - 5 potions of curing {unknown}
 j - a potion of flight {unknown}
 l - 3 potions of invisibility {unknown}
 w - a potion of magic {unknown}
 x - a potion of lignification {unknown}
 z - a potion of agility {unknown}
Comestibles
 g - 3 bread rations
 h - 3 meat rations
 q - a beef jerky


   Skills:
 - Level 1.7 Fighting
 + Level 4.2 Short Blades
 - Level 2.1 Throwing
 - Level 1.1 Dodging
 * Level 6.4 Stealth


You had 4 spell levels left.
You didn't know any spells.

Dungeon Overview and Level Annotations

Branches:
Dungeon (3/15)

Altars:
Elyvilon
Nemelex Xobeh


Innate Abilities, Weirdness & Mutations

You are small and have problems with some larger weapons.
You are somewhat resistant to further mutation.


Message History

You kill the orc!
The orc hits you from afar with a trident.
* * * LOW HITPOINT WARNING * * *
The orc barely misses you. The orc misses you.
Things that are here:
a dagger; an orc corpse You completely miss the orc.
The orc hits you.
* * * LOW HITPOINT WARNING * * *
You hit the orc.
The orc is heavily wounded.
The orc hits you with a trident.
* * * LOW HITPOINT WARNING * * *
The orc hits you but does no damage.
You hit the orc but do no damage.
The orc is heavily wounded.
The orc misses you. The orc completely misses you.
You barely miss the orc.
The orc is heavily wounded.
The orc hits you.
You die...

......................#
...).#.#.......#############
....................<.......
##.#.......#########..#####
#.#.......# ##..#
#.#.......# ##)####.#
#.#.......# ###......#
#.######.##
######...###..... #.
#.#####o@....### ##.
#......o###### #......##
##...). ...(... ...(...
(...... .(..... ##.....


You could see 2 orcs.

Vanquished Creatures
  An orc priest (D:3)
  A gnoll (D:1)
  2 adders
  2 worms (D:2)
  2 giant geckos
  4 orcs (D:3)
  2 giant cockroaches
  A goblin (D:2)
  4 hobgoblins
  4 kobolds
  2 quokkas (D:3)
  A ball python (D:1)
  5 bats
  10 jackals
  3 rats (D:2)
44 creatures vanquished.

Notes
Turn   | Place    | Note
--------------------------------------------------------------
     0 | D:1      | MenacingMecha the Halfling Assassin began the quest for the Orb.
     0 | D:1      | Reached XP level 1. HP: 14/14 MP: 1/1
    84 | D:1      | Reached skill level 5 in Stealth
    84 | D:1      | Reached XP level 2. HP: 5/19 MP: 2/2
   600 | D:1      | Reached XP level 3. HP: 22/24 MP: 3/3
  1034 | D:2      | Found a white marble altar of Elyvilon.
  1276 | D:2      | Reached XP level 4. HP: 29/29 MP: 4/4
  1364 | D:2      | Found a sparkling altar of Nemelex Xobeh.
  1935 | D:3      | Reached skill level 6 in Stealth
  2321 | D:3      | Reached XP level 5. HP: 17/34 MP: 5/5
  2331 | D:3      | Slain by an orc

Action                   |  1- 3 |  4- 6 || total
-------------------------+-------+-------++-------
Melee: Dagger            |    55 |    96 ||   151
 Fire: Blowgun           |     3 |    10 ||    13
 Stab: Sleeping          |     9 |     2 ||    11
       Distracted        |     2 |       ||     2
  Eat: Chunk             |     1 |     3 ||     4
